 Dungeon Crawl Stone Soup version 0.24-a0-789-g35933f4585 (webtiles) character file.

Game seed: 6017269071912360375, levelgen mode: deterministic

0 Gargoyl the Skirmisher (level 1, -12/19 HPs)
             Began as a Centaur Abyssal Knight on Oct 10, 2019.
             Was a Follower of Lugonu.
             Mangled by a small abomination (21 damage)
             ... on level 1 of the Abyss.
             The game lasted 00:01:00 (215 turns).

Gargoyl the Skirmisher (Centaur Abyssal Knight)      Turns: 215, Time: 00:01:00

Health: -12/19     AC:  4    Str: 14    XL:     1   Next: 0%
Magic:  2/2        EV:  9    Int: 11    God:    Lugonu [*.....]
Gold:   14         SH:  0    Dex:  8    Spells: 0/0 levels left

rFire    . . .     SeeInvis .   a - +1 hand axe
rCold    . . .     Gourm    .   (no shield)
rNeg     . . .     Faith    .   b - +0 leather armour
rPois    .         Spirit   .   (no helmet)
rElec    .         Reflect  .   (no cloak)
rCorr    .         Harm     .   (no gloves)
MR       .....                  (no barding)
Stlth    ..........             (no amulet)
HPRegen  0.06/turn              (no ring)
MPRegen  0.08/turn              (no ring)

@: very quick
A: large, hooves 3, deformed body, speed 2, tough skin 3
a: Depart the Abyss, Renounce Religion


You were on level 1 of the Abyss.
You worshipped Lugonu.
Lugonu was aware of your devotion.
You were not hungry.

You visited 0 branches of the dungeon, and saw 0 of its levels.
You visited the Abyss 1 time.

You collected 14 gold pieces.

Inventory:

Hand Weapons
 a - a +1 hand axe (weapon)
Armour
 b - a +0 leather armour (worn)
 d - a +0 ring mail
Comestibles
 c - a ration


   Skills:
 + Level 3.0 Fighting
 + Level 1.7 Axes
 + Level 1.3 Armour
 + Level 0.6 Dodging
 + Level 2.0 Invocations


You couldn't memorise any spells.
You didn't know any spells.
Your spell library was empty.

Dungeon Overview and Level Annotations

Branches:
Dungeon (0/15)

Altars:


Innate Abilities, Weirdness & Mutations

You have hooves in place of feet.
Armour fits poorly on your strangely shaped body.
You cover ground very quickly.
You have extremely tough skin. (AC +3)


Message History

You hit the small abomination but do no damage.
Your kick misses the small abomination.
The small abomination barely misses you.
A starcursed mass splits.
You hit the white imp.
The white imp is moderately wounded.
You barely miss the small abomination.
The white imp hits you but does no damage.
The small abomination hits you but does no damage.
You hit the white imp.
The white imp is moderately wounded.
You closely miss the small abomination. The small abomination hits you!
Ouch! That really hurt!
The white imp closely misses you.
A starcursed mass splits.
Unknown command.
You barely miss the white imp.
The white imp is moderately wounded.
You barely miss the small abomination. The small abomination hits you!!
Ouch! That really hurt!
You die...

# # .# #.
#. #. #
###.#.
......X####
##XX5##
#.##x@# #
.#### #5..#
## ## #.#
.. . # # ##
# # #. X#.
# # .
###...x.
#..# .
#..#..w# .
## .
#.##.5.──.#
#


You could see 3 starcursed masses, a small abomination and a white imp.

Vanquished Creatures (others)
  2 starspawn tentacles (Abyss:1)
2 creatures vanquished.

Notes
Turn   | Place    | Note
-------+----------+-------------------------------------------
     0 | Abyss:1  | Gargoyl the Centaur Abyssal Knight began the quest for the
                  | Orb.
     0 | Abyss:1  | Reached XP level 1. HP: 19/19 MP: 2/2
   100 | Abyss:1  | Noticed a starcursed mass
   104 | Abyss:1  | Noticed an iron imp
   106 | Abyss:1  | Noticed a large abomination
   106 | Abyss:1  | Noticed an insubstantial wisp
   146 | Abyss:1  | Noticed a small abomination
   155 | Abyss:1  | Noticed a small abomination
   164 | Abyss:1  | Noticed a spatial vortex
   164 | Abyss:1  | Noticed a spatial vortex
   164 | Abyss:1  | Noticed a spatial vortex
   165 | Abyss:1  | Noticed a spatial vortex
   186 | Abyss:1  | Noticed a tentacled starspawn
   187 | Abyss:1  | Noticed a starcursed mass
   215 | Abyss:1  | Mangled by a small abomination

Levels and vault maps discovered:
Abyss:1:  minivault_1, due_exit_kobolds, evilmike_abyss_exit_14

Action                   || total
-------------------------++-------
Melee: Hand axe          ||     7
  Use: Scroll            ||     4
       Potion            ||     1
Armor: Leather armour    ||     3
Dodge: Dodged            ||     7

Table legend:
 A = Non-vault XP
 B = Vault XP
 C = Vault XP percentage of total XP
 D = Non-vault monster count
 E = Vault monster count
 F = Vault count percentage of total count
                 A         B        C        D         E       F
            +---------+---------+-------+---------+---------+-------
      Total |       0 |       0 |   N/A |       0 |       0 |  -nan
            +---------+---------+-------+---------+---------+-------
            +---------+---------+-------+---------+---------+-------
